 Dungeon Crawl Stone Soup version 0.28.0-45-g0d030f2227 (webtiles) character file.

Game seed: 17918093286581195320

254 sking99 the Charlatan (level 5, 0/39 HPs)
             Began as a Demonspawn Artificer on May 20, 2022.
             Was a Follower of Fedhas.
             Succumbed to a scorpion's poison
             ... on level 4 of the Dungeon.
             The game lasted 00:06:21 (3366 turns).

sking99 the Charlatan (Demonspawn Artificer)        Turns: 3366, Time: 00:06:21

Health: 0/39       AC:  6    Str: 14    XL:     5   Next: 90%
Magic:  6/6        EV: 10    Int: 12    God:    Fedhas [*.....]
Gold:   80         SH:  0    Dex: 14    Spells: 4/4 levels left

rFire   + . .      SeeInvis .     - Unarmed
rCold   + . .      Faith    .   (no shield)
rNeg    . . .      Spirit   .   j - +0 ring mail
rPois   +          Reflect  .   f - +0 helmet
rElec   +          Harm     .   (no cloak)
rCorr   +          Rampage  .   (no gloves)
Will    .....                   (no boots)
Stlth   +.........              (no amulet)
HPRegen 0.13/turn               (no ring)
MPRegen 0.10/turn               (no ring)

@: lethally poisoned (0 -> -5), resistant
A: claws 2, powered by death 1, spiny 1
a: Renounce Religion


You were on level 4 of the Dungeon.
You worshipped Fedhas.
Fedhas was aware of your devotion.
You visited 1 branch of the dungeon, and saw 4 of its levels.

You collected 138 gold pieces.
You spent 58 gold pieces at shops.

Inventory:

Armour
 f - a +0 helmet (worn)
 j - a +0 ring mail (worn)
Wands
 c - a wand of flame (11)
 d - a wand of charming (15)
Scrolls
 a - a scroll of teleportation
 g - 4 scrolls of identify {unknown}
 k - a scroll of fear {unknown}
 l - 2 scrolls of brand weapon {unknown}
 m - 2 scrolls of enchant armour {unknown}
 p - a scroll of blinking {unknown}
Potions
 h - a potion of mutation {unknown}
 o - a potion of brilliance {unknown}
 q - a potion of might {unknown}
Miscellaneous
 e - a piece from Xom's chessboard (12/15) (quivered)


   Skills:
 + Level 2.6 Fighting
 - Level 2.3 Polearms
 - Level 2.3 Armour
 - Level 0.8 Dodging
 - Level 0.8 Stealth
 * Level 1.9 Unarmed Combat
 + Level 2.3 Invocations
 + Level 3.9 Evocations


You had 4 spell levels left.
You didn't know any spells.
Your spell library contained the following spells:

 Spells                   Type           Power      Damage    Failure   Level
 Freeze                   Ice            0%         1d3       54%         1
 Frozen Ramparts          Ice            0%         1d2       89%         3
 Hailstorm                Conj/Ice       0%         3d3       100%        4


Dungeon Overview and Level Annotations

Branches:
Dungeon (4/15)
 Temple: D:4-7

Altars:
Fedhas

Shops:
D:3 [


Innate Abilities, Weirdness & Mutations

You have very sharp fingernails.
You regenerate a little health from kills.
You are partially covered in sharp spines.


Message History

You scratch something but do no damage. Something stings you.
* * * LOW HITPOINT WARNING * * *
Non-targeted evoke: piece from Xom's chessboard (13/15)
Press: ? - help, Q - select action, (/) - cycle Dir - look around, f - activate You can't see anything.
Try to make a move anyway? [Y]es or [N]o only, please.
You can't see anything.
Try to make a move anyway? [Y]es or [N]o only, please.
You can't see anything.
Try to make a move anyway?
You make a move on Xom's chessboard...
Nothing appears to happen.
Something stings you.
* * * LOW HITPOINT WARNING * * *
Non-targeted evoke: piece from Xom's chessboard (12/15)
Press: ? - help, Q - select action, (/) - cycle Dir - look around, f - activate You can't see anything.
Try to make a move anyway?
You make a move on Xom's chessboard...
Nothing appears to happen.
Something stings you but does no damage.
It was a potion of ambrosia.
You are confused.
You feel invigorated. Something stings you.
* * * LOW HITPOINT WARNING * * *
You are lethally poisoned!
Something poisons you!
You miss something.
* * * LOW HITPOINT WARNING * * *
You feel very sick.
Fedhas appreciates your contribution to the ecosystem.
Reactivating autopickup.
You feel a bit more experienced.
Your piece from Xom's chessboard (12/15) has regained one charge.
Your Invocations skill increases to level 2!
You feel less invigorated.
You feel less confused.
* * * LOW HITPOINT WARNING * * *
You feel sick.
* * * LOW HITPOINT WARNING * * *
You feel sick.
You see here a giant cockroach corpse.
You die...
Fedhas appreciates your contribution to the ecosystem.

########
#......#
####......#
#!....†<@.#
..##......#
###.####
#.. ...#
#/.. #...
####


There were no monsters in sight!

Vanquished Creatures
  A scorpion (D:4)
  A water moccasin skeleton (D:2)
  Jessica (D:2)
  An orc wizard (D:3)
  3 adders (D:3)
  2 dart slugs
  4 orcs (D:3)
  5 bats
  4 endoplasms
  3 giant cockroaches
  3 goblins
  9 hobgoblins
  2 jackals (D:3)
  5 ball pythons
  4 frilled lizards
  5 kobolds
  8 rats
61 creatures vanquished.

Vanquished Creatures (others)
  2 plants (D:1)
2 creatures vanquished.

Grand Total: 63 creatures vanquished

Notes
Turn   | Place    | Note
-------+----------+-------------------------------------------
     0 | D:1      | sking99 the Demonspawn Artificer began the quest for the
                  | Orb.
     0 | D:1      | Reached XP level 1. HP: 15/15 MP: 1/1
   441 | D:1      | Gained mutation: You are partially covered in sharp spines.
                  | [demonic ancestry]
   441 | D:1      | Reached XP level 2. HP: 4/21 MP: 2/2
   746 | D:1      | Reached skill level 1 in Polearms
  1007 | D:1      | Found a faded altar of an unknown god.
  1505 | D:2      | Gained mutation: You have sharp fingernails. [demonic
                  | ancestry]
  1505 | D:2      | Reached XP level 3. HP: 26/26 MP: 3/3
  1917 | D:2      | Noticed Jessica
  1926 | D:2      | Killed Jessica
  2145 | D:2      | Found a blossoming altar of Fedhas.
  2208 | D:2      | Became a worshipper of Fedhas Madash
  2241 | D:2      | Reached skill level 1 in Invocations
  2241 | D:2      | Gained mutation: You regenerate a little health from kills.
                  | [demonic ancestry]
  2241 | D:2      | Reached XP level 4. HP: 22/33 MP: 4/4
  2909 | D:3      | Gained mutation: You have very sharp fingernails. [demonic
                  | ancestry]
  2909 | D:3      | Reached XP level 5. HP: 34/38 MP: 4/6
  3064 | D:3      | Reached skill level 1 in Unarmed Combat
  3066 | D:3      | Reached * piety under Fedhas
  3131 | D:3      | Found Cexkod's Armour Shoppe.
  3139 | D:3      | Bought a +0 helmet for 58 gold pieces
  3366 | D:4      | Succumbed to a scorpion's poison

Illustrated notes

Levels and vault maps discovered:
D:1:      kennysheep_arrival_seaside, layout_loops_cross,
          hellmonk_ecumenical_altar_inner_sanctum, minmay_circled_x
D:2:      layout_loops_corners, basic_altar, uniq_jessica
D:3:      layout_rooms, serial_shops, shop
D:4:      minmay_razor_zed, layout_rooms, kennysheep_little_box,
          nicolae_ossuary_entry_catacombs, minmay_misc_feat_secret_circle

Skill      XL: |  1  2  3  4  5 |
---------------+----------------+-----
Armour         | 2 |  2.3
Polearms       | 1 2 |  2.3
Fighting       | 2 |  2.6
Invocations    | 1 2 |  2.3
Unarmed Combat | 1 |  1.9
Dodging        | |  0.8
Stealth        | |  0.8
Evocations     | |  3.9

Action                   |  1- 3 |  4- 6 || total
-------------------------+-------+-------++-------
Melee: Spear             |   117 |    27 ||   144
       Club              |     1 |       ||     1
       Unarmed           |       |    40 ||    40
Evoke: Wand              |     4 |       ||     4
       Piece from Xom's  |     2 |     4 ||     6
  Use: Potion            |       |     4 ||     4
       Scroll            |       |     1 ||     1
 Stab: Sleeping          |     4 |     1 ||     5
       Confused          |     2 |       ||     2
Armor: Leather armour    |    13 |       ||    13
       Ring mail         |     3 |    16 ||    19
Dodge: Dodged            |    50 |    20 ||    70
